 Dungeon Crawl Stone Soup version 0.29.0-4-gdea44cf6ec (webtiles) character file.

Game seed: 17202967345949535354

53 qw the Chopper (level 3, -1/21 HPs)
             Began as a Tengu Warper on Aug 28, 2022.
             Slain by a gnoll
             ... wielding a +0 club
              (3 damage)
             ... on level 4 of the Dungeon.
             The game lasted 00:00:14 (2618 turns).

qw the Chopper (Tengu Warper)                       Turns: 2618, Time: 00:00:14

Health: -1/21      AC:  4    Str: 12 (13) XL:     3   Next: 89%
Magic:  7/7        EV:  9    Int: 10 (13) God:
Gold:   92         SH:  6    Dex: 12 (13) Spells: 6/6 levels left

rFire   . . .      SeeInvis .   Y - +0 hand axe
rCold   . . .      Faith    .   i - +0 kite shield
rNeg    . . .      Spirit   .   b - +0 leather armour
rPois   +          Reflect  .   (helmet restricted)
rElec   .          Harm     .   (no cloak)
rCorr   .          Rampage  .   e - +0 pair of gloves
Will    .....                   (boots unavailable)
Stlth   +.........              (no amulet)
HPRegen 0.07/turn               f - ring of poison resistance
MPRegen 0.10/turn               (no ring)

@: about to teleport
A: beak, talons 3
a: no special abilities


You were on level 4 of the Dungeon.
You visited 1 branch of the dungeon, and saw 4 of its levels.

You collected 150 gold pieces.
You spent 58 gold pieces at shops.


Innate Abilities, Weirdness & Mutations

You have a beak for a mouth.
You have claws for feet.


   Skills:
 - Level 2.0 Fighting
 - Level 4.5 Axes
 - Level 1.0 Throwing
 - Level 1.1 Armour
 - Level 2.1 Dodging
 + Level 0.0 Shields
 - Level 2.0 Spellcasting
 - Level 2.4 Translocations


You had 6 spell levels left.
You didn't know any spells.
Your spell library contained the following spells:

 Spells                   Type           Power      Damage    Failure   Level
 Blink                    Tloc           10%        N/A       63%         2
 Gell's Gravitas          Tloc           5%         N/A       86%         3
 Lesser Beckoning         Tloc           5%         N/A       86%         3
 Teleport Other           Tloc           5%         N/A       86%         3
 Manifold Assault         Tloc           5%         N/A       100%        5

Inventory:

Hand Weapons
 j - a +0 flail
 Y - a +0 hand axe (weapon)
Missiles
 h - 3 javelins (quivered)
Armour
 b - a +0 leather armour (worn)
 e - a +0 pair of gloves (worn)
 i - a +0 kite shield (worn)
 l - a +0 chain mail
Jewellery
 f - a ring of poison resistance (left hand)
Scrolls
 g - a scroll of identify
Potions
 a - 2 potions of curing
 d - a potion of heal wounds {unknown}
 k - a potion of haste {unknown}
 m - a potion of resistance {unknown}

Dungeon Overview and Level Annotations

Branches:
Dungeon (4/15)
 Temple: D:4-7

Altars:

Shops:
D:3 [


Message History

l - a +0 chain mail
Enter note:
Found 3 stones.
A gnoll comes into view. It is wielding a +0 spear.
Found a stone staircase leading down.
You hear the slow hiss of an avalanche of sand nearby.
The gnoll shouts!
You hear a shout!
A gnoll comes into view. It is wielding a +0 flail.
A gnoll comes into view. It is wielding a +0 club.
The gnoll shouts!
A gnoll comes into view. It is wielding a +0 club.
The gnoll shouts!
The gnoll hits you but does no damage. The gnoll hits you with a +0 spear.
The gnoll closely misses you.
You hit the gnoll but do no damage. You peck the gnoll.
The gnoll is lightly wounded.
You hit the gnoll. You barely miss the gnoll.
The gnoll hits you but does no damage. You block the gnoll's attack.
The gnoll hits you with a +0 club!
You hit the gnoll.
The gnoll is heavily wounded.
You hit the gnoll but do no damage. You barely miss the gnoll.
You block the gnoll's attack. The gnoll hits you with a +0 club!
The gnoll closely misses you.
2616 ||| READING scroll of teleportation.
As you read the scroll of teleportation, it crumbles to dust.
You feel strangely unstable. The gnoll barely misses you.
The gnoll closely misses you. The gnoll barely misses you.
You hit the gnoll. Your kick misses the gnoll. Your peck misses the gnoll.
The gnoll is heavily wounded.
You hit the gnoll. x2
The gnoll hits you with a +0 flail. The gnoll closely misses you.
You block the gnoll's attack.
You hit the gnoll. Your kick misses the gnoll.
The gnoll is severely wounded.
You hit the gnoll but do no damage. You barely miss the gnoll.
The gnoll hits you with a +0 spear. The gnoll barely misses you.
The gnoll closely misses you. The gnoll hits you with a +0 club.
You die...

#. .# #. #.# #.
#.# #. #.# . #.
#.# ### ... #.
#.##....>
.....#g##.##..###
.....gg@......#..
.#
......g##.##.##.#
#.## .....##
#.##.##.# .<...
....
#.##(##.###...#
###
###.............#
#..........#....#
#.####.###....#
#. #.# #.#### #
#.###.##


You could see 4 gnolls.

Vanquished Creatures
  An adder (D:2)
  6 bats
  4 endoplasms
  2 hobgoblins (D:1)
  2 jackals (D:2)
  4 quokkas
  3 ball pythons (D:1)
  5 frilled lizards
  5 goblins (D:1)
  4 kobolds
  6 rats
42 creatures vanquished.

Notes
Turn   | Place    | Note
-------+----------+-------------------------------------------
     0 | D:1      | qw the Tengu Warper began the quest for the Orb.
     0 | D:1      | Reached XP level 1. HP: 12/12 MP: 4/4
     0 | D:1      | 0 ||| qw: Version: 0.1-a-89-g26bdef1
     0 | D:1      | 0 ||| qw: Game counter: 619
     0 | D:1      | 0 ||| qw: Always use a shield: true
     0 | D:1      | 0 ||| qw: God list: Okawaru
     0 | D:1      | 0 ||| qw: Allow faded altars: false
     0 | D:1      | 0 ||| qw: Do Orc after D:15 true
     0 | D:1      | 0 ||| qw: Do second Lair branch before Depths: true
     0 | D:1      | 0 ||| qw: Lair rune preference: random
     0 | D:1      | 0 ||| qw: Plans: Normal
     0 | D:1      | 0 ||| PLANNING D:1-11
    78 | D:1      | 78 ||| Stepping ~*~*~tactically~*~*~ (stealth).
    82 | D:1      | 82 ||| Stepping ~*~*~tactically~*~*~ (stealth).
   139 | D:1      | HP: 2/12 [quokka (4)]
   383 | D:1      | Reached XP level 2. HP: 17/17 MP: 6/6
   395 | D:1      | Reached skill level 3 in Axes
   917 | D:1      | Reached XP level 3. HP: 16/21 MP: 7/7
  1049 | D:1      | 1049 ||| UPGRADING to ring of poison resistance.
  1050 | D:1      | 1050 ||| READING scroll labelled YNERRIMUSI.
  1055 | D:1      | 1055 ||| DROPPING scroll of blinking.
  1110 | D:2      | 1110 ||| DROPPING +0 club.
  1143 | D:2      | 1143 ||| DROPPING +1 whip of pain.
  1274 | D:2      | 1274 ||| FLEEEEING.
  1275 | D:2      | 1275 ||| FLEEEEING.
  1276 | D:2      | 1276 ||| FLEEEEING.
  1455 | D:2      | Reached skill level 4 in Axes
  1476 | D:2      | 1476 ||| Stepping ~*~*~tactically~*~*~ (stealth).
  1489 | D:2      | 1489 ||| Stepping ~*~*~tactically~*~*~ (stealth).
  1490 | D:2      | 1490 ||| Stepping ~*~*~tactically~*~*~ (stealth).
  1493 | D:2      | 1493 ||| Stepping ~*~*~tactically~*~*~ (stealth).
  1498 | D:2      | 1498 ||| Stepping ~*~*~tactically~*~*~ (stealth).
  1735 | D:2      | Found a faded altar of an unknown god.
  1799 | D:2      | 1799 ||| UPGRADING to +0 pair of gloves.
  1804 | D:2      | 1804 ||| READING scroll labelled BEASIWKYREI.
  1805 | D:2      | 1805 ||| READING scroll labelled LINIFORICO.
  1906 | D:2      | 1906 ||| DRINKING 3 white potions.
  1907 | D:2      | 1907 ||| DRINKING 2 glowing white potions.
  1908 | D:2      | 1908 ||| DROPPING potion of degeneration.
  1942 | D:3      | Found Behegh's Armour Boutique.
  1953 | D:3      | 1953 ||| BUYING +0 kite shield (58 gold).
  1953 | D:3      | Bought a +0 kite shield for 58 gold pieces
  1953 | D:3      | 1953 ||| SHOPLISTING +1 leather armour of willpower (182
                  | gold, have 40).
  1953 | D:3      | 1953 ||| SHOPLISTING +2 leather armour of fire resistance
                  | (247 gold, have 40).
  1953 | D:3      | 1953 ||| SHOPLISTING +3 ring mail "Etuon" {Rampage Will+
                  | Slay+3} (574 gold, have 40).
  1953 | D:3      | 1953 ||| SHOPLISTING +3 scale mail "Sedefah" {rN+ Int+6}
                  | (556 gold, have 40).
  2545 | D:3      | 2545 ||| UPGRADING to +0 kite shield.
  2550 | D:3      | 2550 ||| READING scroll labelled DUUV HILIGH.
  2551 | D:3      | 2551 ||| READING 3 scrolls labelled HIECVI YLUG.
  2552 | D:3      | 2552 ||| DROPPING 2 scrolls of noise.
  2562 | D:4      | 2562 ||| PLANNING OSSUARY
  2615 | D:4      | HP: 4/21 [gnoll/+0 club (8)]
  2616 | D:4      | 2616 ||| READING scroll of teleportation.
  2618 | D:4      | Slain by a gnoll

Levels and vault maps discovered:
D:1:      ncdulo_smallfort, layout_loops_cross, hex_large
D:2:      layout_rooms, shapermc_ecumenical_altar_hornbeckon, chequers_jeans
D:3:      layout_basic, serial_shops, nicolae_shop_crystal
D:4:      layout_loops_ring, enter_ossuary_2, minmay_misc_feat_pillars

Skill      XL: |  1  2  3 |
---------------+----------+-----
Axes           | 3 4 |  4.5
Fighting       | |  2.0
Throwing       | |  1.0
Armour         | |  1.1
Dodging        | |  2.1
Spellcasting   | |  2.0
Translocations | |  2.4

Action                   || total
-------------------------++-------
Melee: Hand axe          ||    87
       Peck              ||    13
       Kick              ||    15
       Punch             ||     1
Throw: Boomerang         ||     7
       Javelin           ||    18
  Use: Scroll            ||     6
       Potion            ||     2
Armor: Leather armour    ||    25
Dodge: Dodged            ||    49
Block: Kite shield       ||     3

Table legend:
 A = Non-vault XP
 B = Vault XP
 C = Vault XP percentage of total XP
 D = Non-vault monster count
 E = Vault monster count
 F = Vault count percentage of total count
                 A         B        C        D         E       F
            +---------+---------+-------+---------+---------+-------
      Total |      77 |       0 |   0.0 |      42 |       0 |   0.0
            +---------+---------+-------+---------+---------+-------
        D:1 |      36 |       0 |   0.0 |      23 |       0 |   0.0
        D:2 |      26 |       0 |   0.0 |      11 |       0 |   0.0
        D:3 |      15 |       0 |   0.0 |       8 |       0 |   0.0
            +---------+---------+-------+---------+---------+-------
